 Dungeon Crawl Stone Soup version 0.27-a0-1378-gdefffd1ff6 (webtiles) character file.

Game seed: 12952858766615680237

42 lmSkywalker the Skirmisher (level 3, -2/29 HPs)
             Began as a Demonspawn Abyssal Knight on June 29, 2021.
             Was a Follower of Lugonu.
             Slain by a white imp (5 damage)
             ... on level 3 of the Dungeon.
             The game lasted 00:05:36 (2568 turns).

lmSkywalker the Skirmisher (DsAK)                   Turns: 2568, Time: 00:05:37

Health: -2/29      AC:  3    Str: 13    XL:     3   Next: 35%
Magic:  14/14      EV: 11    Int: 13    God:    Lugonu [*.....]
Gold:   125        SH:  4    Dex: 12    Spells: 2/2 levels left

rFire    . . .     SeeInvis .   a - +1 spear
rCold    . . .     Faith    .   (no shield)
rNeg     . . .     Spirit   .   b - +0 leather armour
rPois    .         Reflect  .   (no helmet)
rElec    .         Harm     .   (no cloak)
rCorr    .         Rampage  .   (no gloves)
Will     .....                  (no boots)
Stlth    +.........             (no amulet)
HPRegen  0.09/turn              g - ring of magical power
MPRegen  0.14/turn              (no ring)

@: no status effects
A: condensation shield
a: Renounce Religion, Depart the Abyss


You were on level 3 of the Dungeon.
You worshipped Lugonu.
Lugonu was aware of your devotion.
You visited 1 branch of the dungeon, and saw 3 of its levels.
You visited the Abyss 1 time.

You collected 125 gold pieces.

Inventory:

Hand Weapons
 a - a +1 spear (weapon)
 k - a +2 dagger of venom
Missiles
 j - 7 boomerangs of dispersal
Armour
 b - a +0 leather armour (worn)
Jewellery
 g - a ring of magical power (left hand)
Scrolls
 c - a scroll of brand weapon {unknown}
 d - a scroll of immolation {unknown}
 f - a scroll of blinking {unknown}
 h - 2 scrolls of identify {unknown}
 i - a scroll of vulnerability {unknown}
 m - a scroll of teleportation {unknown}
Potions
 e - a potion of lignification {unknown}
 l - a potion of heal wounds {unknown}


   Skills:
 + Level 3.3 Fighting
 + Level 2.2 Polearms
 + Level 2.2 Armour
 + Level 1.4 Dodging
 + Level 3.1 Invocations


You had 2 spell levels left.
You didn't know any spells.
Your spell library contained the following spells:

 Spells                   Type           Power      Damage    Failure   Level
 Beastly Appendage        Tmut           0%         N/A       36%         1
 Wereblood                Tmut           0%         N/A       52%         2
 Confusing Touch          Hex            0%         N/A       75%         3
 Gell's Gravitas          Tloc           0%         N/A       75%         3
 Spider Form              Tmut/Pois      0%         N/A       75%         3
 Ice Form                 Ice/Tmut       0%         N/A       98%         4
 Petrify                  Tmut/Erth      0%         N/A       98%         4
 Metabolic Englaciation   Hex/Ice        0%         N/A       100%        5
 Yara's Violent Unravell  Hex/Tmut       0%         3d3       100%        5


Dungeon Overview and Level Annotations

Branches:
Dungeon (3/15)

Altars:
Makhleb

Shops:
D:1 *

Annotations:
D:2 1 runed translucent door, Crazy Yiuf


Innate Abilities, Weirdness & Mutations

A meltable shield of frost defends you. (SH +4)


Message History

No target in view!
A bat comes into view.
The bat moves out of view.
A bat is nearby!
A bat is nearby!
You block the bat's attack. The bat misses you.
Found 29 sling bullets.
You hit the bat.
You kill the bat!
Lugonu accepts your kill.
No target in view!
m - a scroll labelled WIRECL KIGGA No target in view!
You now have 125 gold pieces (gained 14).
A white imp comes into view.
The white imp shouts, "Scamper away, thou droning idle-headed bloater!"
You closely miss the white imp. The white imp closely misses you.
You barely miss the white imp. The white imp gestures at you.
The puff of frost hits you.
You hit the white imp but do no damage. The white imp hits you.
The white imp freezes you.
Your leather armour prevents you from hitting the white imp.
The white imp gestures at you. The puff of frost hits you.
A rat comes into view.
You are too injured to fight recklessly!
You are too injured to fight recklessly!
You hit the white imp.
The white imp is moderately wounded.
The white imp gestures at you. The puff of frost hits you!
* * * LOW HITPOINT WARNING * * *
You hit the white imp but do no damage.
The white imp is moderately wounded.
The rat twitches its whiskers.
The white imp hits you.
* * * LOW HITPOINT WARNING * * *
The white imp freezes you.
You die...

########## #.........
#########.########
#..........##
#.#.........###
#@#...........#
......5...........#.#
####..###........##.####
.... #.....#.........
#.#. #.(.....##...##. #
#. ......>....#.... #
...r....##...##.
.........†......
.##...#.###.###.


You could see a white imp and a rat.

Vanquished Creatures
  A worm (D:2)
  A dart slug (D:3)
  2 ball pythons (D:1)
  6 bats
  4 endoplasms
  2 giant cockroaches
  4 goblins
  3 hobgoblins
  2 kobolds
  2 quokkas
  2 frilled lizards (D:1)
  3 rats
32 creatures vanquished.

Notes
Turn   | Place    | Note
-------+----------+-------------------------------------------
     0 | Abyss:1  | lmSkywalker the Demonspawn Abyssal Knight began the quest
                  | for the Orb.
     0 | Abyss:1  | Reached XP level 1. HP: 18/18 MP: 2/2
    81 | Abyss:1  | Noticed a great orb of eyes
    95 | D:1      | Escaped the Abyss
   252 | D:1      | Reached skill level 1 in Dodging
   470 | D:1      | Gained mutation: A meltable shield of frost defends you.
                  | (SH +4) [demonic ancestry]
   470 | D:1      | Reached XP level 2. HP: 24/24 MP: 4/4
   587 | D:1      | Found Cung's General Store.
  1024 | D:1      | Found a faded altar of an unknown god.
  1872 | D:2      | Reached XP level 3. HP: 24/29 MP: 5/5
  1931 | D:2      | Found a burning altar of Makhleb.
  1988 | D:2      | Reached * piety under Lugonu
  2320 | D:2      | Found a runed translucent door.
  2321 | D:2      | Noticed Crazy Yiuf
  2568 | D:3      | Slain by a white imp

Illustrated notes

Levels and vault maps discovered:
D:1:      amcnicky_arrival_abandoned_market, layout_loops_ring,
          hellmonk_ecumenical_altar_leap_of_faith, serial_forest,
          infiniplex_forest_lined_corner, infiniplex_forest_lined_1,
          infiniplex_forest_clump_diagonal, infiniplex_forest_straight_3,
          infiniplex_forest_lined_3, infiniplex_forest_clump_medium,
          infiniplex_forest_clump_diagonal, infiniplex_forest_zigzag_2,
          infiniplex_forest_straight_4, serial_shops, shop, grunt_decor_cap,
          minmay_fountain_box
D:2:      layout_basic, basic_altar, minmay_misc_feat_more_columns,
          uniq_crazy_yiuf_cottage
D:3:      layout_loops_ring, ebering_ghost_sewer_f, uniq_terence

Skill      XL: |  1  2 |
---------------+-------+-----
Dodging        | 1 |  1.4
Polearms       | 2 |  2.2
Armour         | 2 |  2.2
Invocations    | 3 |  3.1
Fighting       | |  3.3

Action                   || total
-------------------------++-------
Melee: Spear             ||   108
Invok: Depart the Abyss  ||     1
 Stab: Sleeping          ||     3
Armor: Leather armour    ||    10
Dodge: Dodged            ||    45
Block: Other             ||    11

Table legend: (Time is in decaauts)
 A = Elapsed time spent in this place.
 B = Non-inter-level travel time spent in this place.
 C = Inter-level travel time spent in this place.
 D = Time resting spent in this place.
 E = Time spent auto-exploring this place.
 F = Levels seen in this place.
 G = Mean time per level.
                   A        B        C        D        E       F      G
               +--------+--------+--------+--------+--------+-----+--------+
         Total |   2567 |   2507 |     60 |    153 |   1899 |   4 |  641.8 |
       Dungeon |   2472 |   2412 |     60 |    153 |   1899 |   3 |  824.0 |
         Abyss |     95 |     95 |      0 |      0 |      0 |   1 |   95.0 |
               +--------+--------+--------+--------+--------+-----+--------+

Top non-repeatable levels by time:
     D:1: 1423 daAuts
     D:2: 836 daAuts
     D:3: 212 daAuts
 Abyss:1: 95 daAuts
